AoeStats
← 七级床震

Arena

509064388Analyzed
2v2 RM · 9d ago on Sep 25, 2026· 59m 23s· 4 players
Game mode
Random Map
Map size
Medium (4 player)
Population
200
Speed
Normal
Resources
Standard
Victory
Conquest
Starting age
Dark Age
Ending age
Imperial Age
RankedLock teamsTeams togetherTeam positionsShared explorationLock speedFull tech treeHidden civsTurbo modeCheats
Victory
Defeat
🇬🇧 Italians · United Kingdom
1041
+15
🇳🇿 Saxons · New Zealand
1027
+16
🇨🇳 Mongols · China
1052
-17
🇨🇳 Varangians · China
993
-14
七级床震
9:39 Feudal Age
12:33 Loom
16:43 Castle Age
14:38 Double-Bit Axe
14:49 Gold Mining
20:39 Bloodlines
22:36 Scale Barding Armor
24:07 Husbandry
29:15 Horse Collar
29:46 Bow Saw
36:53 Imperial Age
35:02 Wheelbarrow
34:12 Town Watch
36:05 Forging
36:17 Chain Barding Armor
38:21 Conscription
38:01 Stone Mining
40:43 Conscription
40:26 Fletching
40:36 Padded Archer Armor
41:46 Gold Shaft Mining
40:33 Elite Mangudai
43:03 Ballistics
43:44 Chemistry
43:52 Chemistry
43:03 Masonry
46:38 Caravan
46:14 Elite Steppe Lancer
48:17 Iron Casting
探索黑洞
8:37 Loom
10:53 Feudal Age
15:23 Castle Age
13:28 Double-Bit Axe
16:27 Bow Saw
17:35 Town Watch
25:04 Horse Collar
27:37 Wheelbarrow
32:35 Imperial Age
29:40 Elite Skirmisher
31:25 Bloodlines
31:18 Husbandry
31:53 Hand Cart
32:02 Scale Barding Armor
31:48 Fletching
32:11 Squires
32:03 Pikeman
33:43 Bodkin Arrow
34:09 Chain Barding Armor
34:00 Forging
33:51 Scale Mail Armor
34:58 Conscription
36:18 Bracer
36:18 Padded Archer Armor
37:29 Gothikon
40:50 Two-Man Saw
39:17 Halberdier
39:43 Gambesons
40:44 Elite Varangian Guard
42:02 Leather Archer Armor
42:23 Plate Barding Armor
42:24 Iron Casting
42:04 Chain Mail Armor
42:26 Heavy Plow
42:58 Arson
43:10 Elite Jarl
46:51 Ring Archer Armor
46:51 Plate Mail Armor
47:22 Blast Furnace
46:39 Treadmill Crane
46:59 Light Cavalry
47:41 Gold Mining
47:41 Stone Mining
50:00 Ballistics
49:31 Heated Shot
54:01 Hussar
StevenW5318
11:39 Feudal Age
15:57 Castle Age
14:19 Double-Bit Axe
14:18 Horse Collar
16:17 Wheelbarrow
19:58 Loom
33:07 Forging
32:58 Scale Mail Armor
35:01 Arson
35:17 Squires
35:06 Gambesons
36:01 Iron Casting
36:44 Chain Mail Armor
41:35 Imperial Age
39:52 Hand Cart
40:00 Gold Mining
40:14 Heavy Plow
42:48 Conscription
41:53 Shield Wall
44:05 Elite Varangian Guard
45:57 Bow Saw
46:20 Plate Mail Armor
45:42 Fletching
46:05 Town Watch
48:21 Bodkin Arrow
55:28 Bracer
57:27 Padded Archer Armor
Alex43LUFC
5:11 Loom
12:40 Feudal Age
13:10 Double-Bit Axe
16:38 Castle Age
15:35 Stone Mining
19:14 Fletching
24:54 Bodkin Arrow
26:27 Horse Collar
27:29 Gold Mining
28:31 Wheelbarrow
29:41 Padded Archer Armor
33:09 Imperial Age
30:08 Crossbowman
32:01 Leather Archer Armor
32:46 Ballistics
33:33 Scale Barding Armor
33:41 Forging
34:50 Chemistry
34:15 Heavy Plow
35:18 Light Cavalry
37:05 Hussar
41:59 Ring Archer Armor
45:00 Bloodlines
44:50 Husbandry
45:17 Chain Barding Armor
46:37 Iron Casting
51:07 Pirotechnia
51:13 Elite Skirmisher
53:37 Thumb Ring
58:09 Bracer
58:45 Plate Barding Armor
59:12 Blast Furnace
Connection lost

Rejoining the realm…

Still unreachable

The connection could not be restored.

Session expired

The server has moved on; the page needs a fresh start.